 Dungeon Crawl Stone Soup version 0.30-a0-43-gbbf338a72c (webtiles) character file.

Game seed: 8976713060080320181

477 scionoferis the Vexing (level 6, -1/32 HPs)
             Began as a Vampire Enchanter on Aug 31, 2022.
             Slain by a frilled lizard (2 damage)
             ... in a sewer.
             The game lasted 00:12:32 (3635 turns).

scionoferis the Vexing (Vampire Enchanter)          Turns: 3635, Time: 00:12:33

Health: -1/32      AC:  4    Str:  7    XL:     6   Next: 85%
Magic:  11/11      EV: 13    Int: 17    God:
Gold:   152        SH:  0    Dex: 17    Spells: 6/11 levels left

rFire   . . .      SeeInvis +    b - +8 club
rCold   + + .      Faith    .    (no shield)
rNeg    + + +      Spirit   .    q - +1 robe
rPois   ∞          Reflect  .    (no helmet)
rElec   .          Harm     .    (no cloak)
rCorr   .          Rampage  .    (no gloves)
Will    .....                    z - +0 pair of boots
Stlth   +++++.....               (no amulet)
HPRegen 0.00/turn                (no ring)
MPRegen 0.12/turn                (no ring)

@: bloodless, inhibited regen, invisible
A: bloodless, fangs 3, see invisible, vampiric 2
a: Bat Form, Revivify


You were in a sewer.
You visited 1 branch of the dungeon, and saw 4 of its levels.
You also visited: Sewer.

You collected 152 gold pieces.

Inventory:

Hand Weapons
 a - a +1 dagger
 b - a +8 club (weapon)
 c - a +0 sling
 x - a +0 rapier
Missiles
 u - 10 poisoned darts (quivered)
Armour
 j - an orb of energy
 q - a +1 robe (worn)
 z - a +0 pair of boots (worn)
Scrolls
 d - a scroll of brand weapon
 e - a scroll of fog {unknown}
 h - a scroll of noise
 i - 2 scrolls of poison {unknown}
 o - 3 scrolls of teleportation {unknown}
 p - a scroll of summoning
 y - a scroll of enchant armour
 B - a scroll of enchant weapon
Potions
 g - 4 potions of curing {unknown}
 k - a potion of mutation {unknown}
 l - a potion of degeneration {unknown}
 m - a potion of ambrosia {unknown}
 n - a potion of lignification {unknown}
 r - 2 potions of invisibility
 s - 2 potions of cancellation {unknown}
 t - a potion of berserk rage {unknown}
 v - a potion of might {unknown}
 w - 2 potions of magic {unknown}
 A - a potion of flight {unknown}


   Skills:
 + Level 3.1 Short Blades
 + Level 3.8 Dodging
 + Level 6.2 Stealth
 + Level 3.3 Spellcasting
 + Level 6.3 Hexes
 + Level 2.3 Ice Magic


You had 6 spell levels left.
You knew the following spells:

 Your Spells              Type           Power      Damage    Failure   Level
a - Ensorcelled Hibernat  Hex/Ice        34%        N/A       4%          2
b - Confusing Touch       Hex            24%        N/A       3%          3

Your spell library contained the following spells:

 Spells                   Type           Power      Damage    Failure   Level
 Tukima's Dance           Hex            24%        N/A       3%          3
 Dazzling Flash           Conj/Hex       26%        N/A       14%         3
 Anguish                  Hex/Necr       6%         N/A       41%         4
 Spider Form              Tmut/Pois      2%         N/A       45%         3
 Animate Dead             Necr           2%         N/A       86%         4
 Borgnjor's Vile Clutch   Necr/Erth      1%         N/A       99%         5
 Death Channel            Necr           1%         N/A       100%        6


Dungeon Overview and Level Annotations

Branches:
Dungeon (4/15)              Sewer (1/1)
 Temple: D:4-7

Altars:


Innate Abilities, Weirdness & Mutations

You do not regenerate when monsters are visible.
You are frail without blood (-20% HP).
You can heal yourself when you bite living creatures.
You are immune to poison.
You have razor-sharp teeth.
You have supernaturally acute eyesight. (SInv)
You are afflicted with vampirism and can become a bat while bloodless.


Message History

You kill the rat!
The frilled lizard hisses angrily.
The sickly merfolk siren shouts!
The frilled lizard hisses angrily.
The sickly merfolk siren chants a haunting song.
You resist with some effort.
A rat comes into view.
The sickly merfolk siren chants a haunting song.
You easily resist.
The sickly merfolk siren barely misses you.
Casting: Ensorcelled Hibernation (safe; 4% risk of failure)
Confirm with . or Enter, or press ? or * to list all spells.
You don't know that spell.
Casting: Ensorcelled Hibernation (safe; 4% risk of failure)
Confirm with . or Enter, or press ? or * to list all spells.
Aiming: Ensorcelled Hibernation (safe; 4% risk of failure)
Press: ? - help, Shift-Dir - straight line, f - sickly merfolk siren
Aim: a sickly merfolk siren, wielding a +0 vorpal spear (chance to affect: 18%)
Okay, then.
Unknown command.
b - a +8 club (weapon)
The frilled lizard attacks as you move away!
The frilled lizard barely misses you.
The sickly merfolk siren hits you with a +0 vorpal spear!
You hit the sickly merfolk siren. You bite the sickly merfolk siren.
You draw the sickly merfolk siren's blood!
You feel better.
The sickly merfolk siren is severely wounded.
The frilled lizard bites you but does no damage.
The sickly merfolk siren hits you with a +0 vorpal spear!
* * * LOW HITPOINT WARNING * * *
x2 The frilled lizard closely misses you.
You fade into invisibility!
The sickly merfolk siren chants a haunting song.
You resist with almost no effort. The frilled lizard bites you.
* * * LOW HITPOINT WARNING * * *
Unknown command.
You closely miss the sickly merfolk siren.
The sickly merfolk siren is severely wounded.
The frilled lizard bites you.
You die...

#### ##.~##
######.~~~###
......~~~~∩∩#
#############
~≈≈≈≈≈≈≈†≈##########
#####
..~..~~~~~~~~†~~~≈≈#
.$$$#
#..#############~~≈###
~r. ####
#@#≈≈≈###r####
#l##~~~~~~≈≈≈#
#lr..r..~r~≈~#
#######...~~~#~~
##...~~~~# ###...~##
####


You could see 2 frilled lizards and a rat (unable to see you).

Vanquished Creatures
  Sigmund (D:3)
  An ice beast (D:3)
  Jessica (D:2)
  Natasha (thrice) (D:2)
  4 adders
  2 river rats (Sewer)
  4 worms
  2 dart slugs
  2 orcs
  8 ball pythons
  7 bats
  11 endoplasms
  3 giant cockroaches
  2 goblins
  2 hobgoblins
  3 jackals (D:3)
  2 frilled lizards (D:3)
  5 kobolds
  9 rats
72 creatures vanquished.

Vanquished Creatures (others)
  9 plants (D:2)
9 creatures vanquished.

Grand Total: 81 creatures vanquished

Notes
Turn   | Place    | Note
-------+----------+-------------------------------------------
     0 | D:1      | scionoferis the Vampire Enchanter began the quest for the
                  | Orb.
     0 | D:1      | Reached XP level 1. HP: 13/13 MP: 3/3
    45 | D:1      | Found a faded altar of an unknown god.
   244 | D:1      | Reached XP level 2. HP: 15/15 MP: 5/5
   247 | D:1      | Learned a level 2 spell: Ensorcelled Hibernation
  1097 | D:2      | Gained mutation: You are afflicted with vampirism and can
                  | become a bat while bloodless. [Vampire growth]
  1097 | D:2      | Reached XP level 3. HP: 14/19 MP: 3/6
  1214 | D:2      | Noticed Natasha
  1220 | D:2      | Killed Natasha
  1221 | D:2      | Reached skill level 5 in Stealth
  1221 | D:2      | Reached skill level 5 in Hexes
  1338 | D:2      | Noticed Jessica
  1417 | D:2      | Killed Jessica
  1418 | D:2      | Reached skill level 1 in Ice Magic
  1418 | D:2      | Reached XP level 4. HP: 18/24 MP: 0/7
  1626 | D:2      | Noticed Natasha
  1656 | D:2      | Killed Natasha
  1821 | D:2      | Noticed Natasha
  1827 | D:2      | Killed Natasha
  1828 | D:2      | Reached XP level 5. HP: 28/28 MP: 1/9
  2426 | D:3      | Noticed an ice beast
  2436 | D:3      | Killed an ice beast
  2451 | D:3      | Learned a level 3 spell: Confusing Touch
  2706 | D:3      | Reached XP level 6. HP: 31/32 MP: 7/10
  2989 | D:3      | Noticed Sigmund
  3054 | D:3      | Killed Sigmund
  3385 | D:4      | Found a glowing drain.
  3417 | Sewer    | Entered a sewer
  3634 | Sewer    | HP: 1/32 [frilled lizard (2)]
  3635 | Sewer    | Slain by a frilled lizard

Illustrated notes

Levels and vault maps discovered:
D:1:      nicolae_arrival_washed_ashore, layout_basic,
          hellmonk_ecumenical_altar_lost_god, hangedman_decor_points
D:2:      layout_basic, serial_bayou_pond_c, grunt_decor_arrowhead,
          serial_bayou_lake_a, uniq_jessica, uniq_natasha
D:3:      wander_river, layout_basic, uniq_sigmund
D:4:      layout_loops_cross, cheibrodos_sewer_entry_sluice
Sewer:    sewer_sea

Skill      XL: |  1  2  3  4  5  6 |
---------------+-------------------+-----
Stealth        | 5 6 |  6.2
Hexes          | 5 6 |  6.3
Short Blades   | 2 3 |  3.1
Ice Magic      | 1 2 |  2.3
Dodging        | 3 |  3.8
Spellcasting   | 3 |  3.3

Action                   |  1- 3 |  4- 6 || total
-------------------------+-------+-------++-------
Melee: Dagger            |    58 |    48 ||   106
       Punch             |     2 |     1 ||     3
       Bite              |     2 |     6 ||     8
       Club              |       |    43 ||    43
 Cast: Ensorcelled Hiber |     7 |    15 ||    22
 Abil: Exsanguinate      |     1 |       ||     1
  Use: Scroll            |       |     7 ||     7
       Potion            |       |     1 ||     1
 Stab: Sleeping          |    18 |    18 ||    36
       Distracted        |     1 |     1 ||     2
Armor: Robe              |     4 |    34 ||    38
Dodge: Dodged            |    14 |    75 ||    89

Table legend: (Time is in decaauts)
 A = Elapsed time spent in this place.
 B = Non-inter-level travel time spent in this place.
 C = Inter-level travel time spent in this place.
 D = Time resting spent in this place.
 E = Time spent auto-exploring this place.
 F = Levels seen in this place.
 G = Mean time per level.
                   A        B        C        D        E       F      G
               +--------+--------+--------+--------+--------+-----+--------+
         Total |   3700 |   3500 |    200 |    424 |   2189 |   5 |  740.0 |
       Dungeon |   3471 |   3271 |    200 |    314 |   2171 |   4 |  867.8 |
         Sewer |    228 |    228 |      0 |    110 |     17 |   1 |  228.0 |
               +--------+--------+--------+--------+--------+-----+--------+

Top non-repeatable levels by time:
     D:2: 1603 daAuts
     D:3: 999 daAuts
     D:1: 797 daAuts
   Sewer: 228 daAuts
     D:4: 71 daAuts
